 Dungeon Crawl Stone Soup version 0.18.1-48-g4cf74bf (webtiles) character file.

88 Implojin the Cudgeler (level 4, 0/42 HPs)
             Began as a Minotaur Fighter on June 29, 2016.
             Slain by an orc
             ... wielding a +0 mace
              (4 damage)
             ... on level 4 of the Dungeon.
             The game lasted 00:01:37 (225 turns).

Implojin the Cudgeler (Minotaur Fighter)             Turns: 225, Time: 00:01:37

Health: 0/42       AC:  6    Str: 20    XL:     4   Next: 30%
Magic:  3/3        EV:  7    Int:  5    God:
Gold:   11         SH:  9    Dex: 13    Spells: 0 memorised, 3 levels left

rFire  . . .     SeeInvis .     a - +0 flail
rCold  . . .     Gourm    .     b - +0 scale mail
rNeg   . . .     Faith    .     c - +0 shield
rPois  .         Spirit   .     (helmet restricted)
rElec  .         Dismiss  .     (no cloak)
rCorr  .         Reflect  .     (no gloves)
SustAt .         Harm     .     (no boots)
MR     .....                    (no amulet)
Stlth  ..........               (no ring)
                                (no ring)

@: not resistant to hostile enchantments, extremely unstealthy
A: retaliatory headbutt, horns 2, thin skeletal structure 1, blurry vision 1,
robust 1
a: no special abilities


You were on level 4 of the Dungeon.
You were not hungry.

You visited 1 branch of the dungeon, and saw 5 of its levels.

You collected 11 gold pieces.

Inventory:

Hand Weapons
 a - a +0 flail (weapon)
Missiles
 m - 5 tomahawks of returning (quivered)
Armour
 b - a +0 scale mail (worn)
 c - a +0 shield (worn)
 e - a +0 cloak
Wands
 k - a wand of confusion (21/48)
Scrolls
 g - a scroll of recharging {unknown}
 h - a scroll of enchant armour {unknown}
 i - a scroll of teleportation {unknown}
 l - a scroll of fear {unknown}
Comestibles
 f - 2 bread rations
 j - a slice of pizza


   Skills:
 - Level 3.6 Fighting
 * Level 5.6 Maces & Flails
 - Level 3.6 Armour
 - Level 3.6 Shields


You had 3 spell levels left.
You didn't know any spells.

Dungeon Overview and Level Annotations

Branches:
Dungeon (5/15)
 Temple: D:4-7

Altars:
Makhleb


Innate Abilities, Weirdness & Mutations

You reflexively headbutt those who attack you in melee.
You have a pair of horns on your head.
You have a somewhat thin skeletal structure (Dex +2, Stealth).
Scrolls take you a little longer to read.
You are robust (+10% HP).


Message History

You block the gnoll's attack.
Your shield and scale mail prevent you from hitting the gnoll.
The gnoll is moderately wounded.
The gnoll hits you with a flail.
* * * LOW HITPOINT WARNING * * *
A worker ant and a shadow imp come into view.
The shadow imp shouts, "Crawl home, thou surly fly-bitten cross-patch!"
The worker ant twitches its antennae in your direction.
The worker ant waves its antennae.
There is a stone staircase leading up here.
The gnoll hits you from afar with a spear.
* * * LOW HITPOINT WARNING * * *
You block the gnoll's attack. The gnoll hits you with a flail!
* * * LOW HITPOINT WARNING * * *
You climb upwards.
There is a stone staircase leading down here.
The gnoll hits you!
* * * LOW HITPOINT WARNING * * *
The gnoll hits you with a flail.
* * * LOW HITPOINT WARNING * * *
Drink which item? (? for menu, Esc to quit)
Okay, then.
Read which item? (? for menu, Esc to quit)
Okay, then.
There is an open door here.
Drink which item? (? for menu, Esc to quit)
It was a potion of mutation.
You feel extremely strange.
You feel robust.
Your vision blurs.
Your bones become slightly less dense.
The gnoll barely misses you.
You closely miss the gnoll. You hit the gnoll. Your headbutt misses the gnoll.
The gnoll is lightly wounded.
The gnoll hits you but does no damage.
Your shield and scale mail prevent you from hitting the gnoll.
You headbutt the gnoll.
The gnoll is moderately wounded.
An orc comes into view. It is wielding a mace.
The orc shouts!
The orc hits you with a mace.
You die...

##############
#.............
#.............
#...g......... #....
#..g##....##..
#.....#.@o##....##..
+.....#...#.........
#.....#...#.....#########
#.....#+####....#........
#.......[..#....#........
#..........#....#.>......
#....(.....#....#........
#..........'....#........
#....<.....#....#........


You could see 2 gnolls and an orc.

Vanquished Creatures
  A scorpion (D:3)
  The ghost of Implojin the Chopper, a weakling MiAK of Lugonu (D:3)
  An adder (D:4)
  4 orcs
  2 goblins (D:3)
  A kobold (D:3)
  A quokka (D:3)
  3 bats (D:3)
14 creatures vanquished.

Notes
Turn   | Place    | Note
--------------------------------------------------------------
     0 | D:1      | Implojin the Minotaur Fighter began the quest for the Orb.
     0 | D:1      | Reached XP level 1. HP: 19/19 MP: 0/0
    22 | D:3      | Noticed Implojin's ghost (weakling MiAK)
    29 | D:3      | Noticed a scorpion
    30 | D:3      | Killed Implojin's ghost
    30 | D:3      | Reached skill level 3 in Maces & Flails
    30 | D:3      | Reached XP level 2. HP: 16/26 MP: 1/1
    34 | D:3      | Reached skill level 4 in Maces & Flails
    37 | D:3      | Killed a scorpion
    37 | D:3      | Reached skill level 5 in Maces & Flails
    37 | D:3      | Reached XP level 3. HP: 11/31 MP: 2/2
    37 | D:3      | Reached XP level 4. HP: 14/39 MP: 3/3
    56 | D:3      | Found a burning altar of Makhleb.
   183 | D:5      | Entered Level 5 of the Dungeon
   199 | D:4      | HP: 1/39 [gnoll/flail (2)]
   211 | D:4      | Gained mutation: You are robust (+10% HP). [potion of mutation]
   211 | D:4      | Gained mutation: Scrolls take you a little longer to read. [potion of mutation]
   211 | D:4      | Gained mutation: You have a somewhat thin skeletal structure (Dex +2, Stealth). [potion of mutation]
   225 | D:4      | Slain by an orc

Skill      XL: |  1  2 |
---------------+-------+-----
Maces & Flails | 3 5 |  5.6
Fighting       | |  3.6
Armour         | |  3.6
Shields        | |  3.6

Action                   |  1- 3 |  4- 6 || total
-------------------------+-------+-------++-------
Melee: Flail             |    10 |    18 ||    28
       Headbutt          |     2 |     6 ||     8
  Use: Potion            |     1 |     1 ||     2
Armor: Scale mail        |     8 |     5 ||    13
Dodge: Dodged            |     6 |     4 ||    10
Block: Shield            |    13 |    11 ||    24

Table legend:
 A = Turns spent in this place as a percentage of turns spent in the entire game.
 B = Non-inter-level travel turns spent in this place as a percentage of non-inter-level travel turns spent in the entire game.
 C = Inter-level travel turns spent in this place as a percentage of turns spent in this place.
 D = Turns resting spent in this place as a percentage of non-inter-level travel turns spent in this place.
 E = Turns spent auto-exploring this place as a percentage of non-inter-level travel turns spent in this place.
 F = Non-inter-level travel turns spent in this place divided by the number of levels of this place that you've seen.
                   A       B       C       D       E      F
               +-------+-------+-------+-------+-------+----------------------
         Total | 100.0 | 100.0 |   0.0 |   0.0 |   0.0 |  47.2
       Dungeon | 100.0 | 100.0 |   0.0 |   0.0 |   0.0 |  47.2
               +-------+-------+-------+-------+-------+----------------------

Table legend:
 A = Kills in this place as a percentage of kills in entire the game.
 B = Kills by you in this place as a percentage of kills by you in the entire game.
 C = Kills by friends in this place as a percentage of kills by friends in the entire game.
 D = Other kills in this place as a percentage of other kills in the entire game.
 E = Experience gained in this place as a percentage of experience gained in the entire game.
 F = Experience gained in this place divided by the number of levels of this place that you have seen.
                   A       B       C       D       E      F
               +-------+-------+-------+-------+-------+----------------------
         Total | 100.0 | 100.0 |  -nan |  -nan | 100.0 |  25.4
       Dungeon | 100.0 | 100.0 |  -nan |  -nan | 100.0 |  25.4
               +-------+-------+-------+-------+-------+----------------------
